 Dungeon Crawl Stone Soup version 0.29.1-2-gbd0b4ee654 (webtiles) character file.

Game seed: 17222795108110865789

13624 nanemone the Spear-Bearer (level 12, 0/92 (95) HPs)
             Began as a Merfolk Berserker on Nov 8, 2022.
             Was a High Priest of Trog.
             Killed by divine providence
             ... invoked by an orc priest
              (13 damage)
             ... on level 2 of the Orcish Mines.
             The game lasted 01:11:30 (8923 turns).

nanemone the Spear-Bearer (Merfolk Berserker)       Turns: 8923, Time: 01:11:31

HP:   0/92 (95)     AC: 13    Str: 27    XL:     12   Next: 8%
MP:   12/12         EV: 14    Int:  6    God:    Trog [*****.]
Gold: 919           SH:  5    Dex: 13    Spells: 11/11 levels left

rFire   + + .      SeeInvis .   L - +8 trident of the Endless March {vorpal, rC++}
rCold   + + .      Faith    .   (no shield)
rNeg    + . .      Spirit   .   K - +0 ring mail of the Lair of Beasts {rF++ rN+ Regen+ Dex-2}
rPois   .          Reflect  +   a - +0 helmet
rElec   .          Harm     .   o - +0 cloak
rCorr   .          Rampage  +   I - +0 pair of gloves
Will    .....                   n - +2 pair of boots {rampage}
Stlth   +.........              G - amulet of reflection
HPRegen 1.05/turn               u - +6 ring of strength
MPRegen 0.13/turn               (no ring)

@: lightly drained
A: (nimble swimmer 2), mertail
a: Renounce Religion, Berserk, Trog's Hand, Brothers in Arms


You were on level 2 of the Orcish Mines.
You worshipped Trog.
Trog was extremely pleased with you.
You visited 3 branches of the dungeon, and saw 14 of its levels.

You collected 919 gold pieces.

Inventory:

Hand Weapons
 L - the +8 trident of the Endless March (weapon) {vorpal, rC++}
   (You found it on level 6 of the Dungeon)

   It inflicts extra damage upon your enemies.
   rC:        It greatly protects you from cold.
Missiles
 h - 3 datura-tipped darts
 x - 6 boomerangs (quivered)
 S - 24 poisoned darts
 V - 3 curare-tipped darts
Armour
 a - a +0 helmet (worn)
 n - a +2 pair of boots of rampaging (worn)
 o - a +0 cloak (worn)
 I - a +0 pair of gloves (worn)
 K - the +0 ring mail of the Lair of Beasts (worn) {rF++ rN+ Regen+ Dex-2}
   (You found it on level 5 of the Dungeon)

   Dex:       It affects your dexterity (-2).
   rF:        It greatly protects you from fire.
   rN:        It protects you from negative energy.
   Regen:     It increases your rate of health regeneration.
 X - +0 steam dragon scales
Jewellery
 f - a ring of poison resistance
 u - a +6 ring of strength (left hand)
 G - an amulet of reflection (around neck)
Wands
 t - a wand of quicksilver (8)
 y - a wand of charming (10)
 Q - a wand of iceblast (21)
 U - a wand of polymorph (8)
Scrolls
 c - 5 scrolls of teleportation
 d - a scroll of torment {unknown}
 g - 3 scrolls of enchant weapon
 j - 2 scrolls of enchant armour {unknown}
 k - 2 scrolls of poison {unknown}
 l - 4 scrolls of blinking
 r - 3 scrolls of magic mapping {unknown}
 s - 2 scrolls of identify
 B - a scroll of summoning {unknown}
 F - 3 scrolls of vulnerability
 H - 2 scrolls of amnesia {unknown}
 M - a scroll of fear {unknown}
Potions
 b - 7 potions of heal wounds
 e - a potion of berserk rage {unknown}
 m - a potion of flight {unknown}
 p - 4 potions of curing
 q - 2 potions of brilliance {unknown}
 z - a potion of invisibility {unknown}
 A - 2 potions of lignification {unknown}
 D - 2 potions of might {unknown}
 E - a potion of cancellation {unknown}
 J - a potion of ambrosia {unknown}
 N - 3 potions of resistance {unknown}
 O - 4 potions of attraction {unknown}
 W - a potion of degeneration {unknown}
 Y - 2 potions of mutation {unknown}
Miscellaneous
 C - a lightning rod (2/4)


   Skills:
 + Level 9.0 Fighting
 + Level 13.6(15.0) Polearms
 + Level 6.6(8.8) Staves
 + Level 2.3 Throwing
 + Level 6.7 Armour
 + Level 8.1 Dodging
 + Level 2.9 Stealth
 + Level 4.4 Shields
 + Level 0.8 Evocations


You had 11 spell levels left.
You didn't know any spells.
Your spell library contained the following spells:

 Spells                   Type           Power      Damage    Failure   Level
 Confusing Touch          Hex            0%         N/A       91%         3
 Ozocubu's Armour         Ice            0%         N/A       91%         3
 Yara's Violent Unravell  Hex/Tmut       0%         3d3       100%        5
 Enfeeble                 Hex            0%         N/A       100%        7
 Ozocubu's Refrigeration  Ice            0%         4d7       100%        7


Dungeon Overview and Level Annotations

Branches:
Dungeon (11/15)            Temple (1/1) D:5            Lair (0/5) D:11
    Orc (2/2) D:11
    Elf: Orc:2

Altars:
Ashenzari
Cheibriados
Dithmenos
Elyvilon
Fedhas
Gozag
Hepliaklqana
Kikubaaqudgha
Makhleb
Nemelex Xobeh
Okawaru
Qazlal
Ru
Sif Muna
Trog
Uskayaw
Vehumet
Wu Jian
Xom
Yredelemnul
Zin
The Shining One

Shops:
D:10 (

Portals:
Sewer: D:6

Annotations:
D:9 2 transporters, Garym's ghost, novice MiBe


Innate Abilities, Weirdness & Mutations

((You are very nimble when in or above water. (Stealth+, EV+, Speed+++)))
Your lower body shifts to a powerful aquatic tail in water.


Message History

An orc priest comes into view. It is wielding a +0 hand axe.
The orc warrior hits you with a +0 hand axe!
You puncture the orc warrior!
The orc warrior is heavily wounded.
You closely miss the orc warrior.
The orc warrior is heavily wounded.
The ogre misses you.
An ogre comes into view. It is wielding a +0 giant club.
The orc warrior hits you with a +3 short sword.
The orc warrior hits you but does no damage.
The orc warrior attacks as you move away!
The orc warrior hits you with a +3 short sword!
The orc sorcerer gestures wildly while chanting.
The orc knight roars a battlecry!
The orcs go into a battle-frenzy!
The orc sorcerer casts a spell.
The orc priest looks braver for a moment.
The smoke demon gestures at you. The sticky flame hits you. You resist.
You are covered in liquid flames!
The orc warrior attacks as you move away!
The orc warrior hits you with a +3 short sword!
You are covered in liquid flames!
The orc priest mumbles some strange prayers to Beogh against you.
Beogh smites you!
The orc sorcerer mumbles some strange words.
An ogre comes into view. It is wielding a +0 giant club.
There is a stone staircase leading up here.
You barely miss the orc warrior.
You are covered in liquid flames!
The orc warrior hits you with a +3 short sword!
* * * LOW HITPOINT WARNING * * *
You are covered in liquid flames!
The warg barely misses you. The smoke demon gestures at you.
Something smites you!
* * * LOW HITPOINT WARNING * * *
The orc priest invokes the aid of Beogh against you.
Beogh smites you!
You die...

# ############
##.#....#.....#.#
##......ho........
.......@ooo.<.....
.......o3.o..O....
........O4.o.oo...
.........o.o......
......$...3.......
..................
.......O..........
.......#.......#..


You could see an orc knight, 2 smoke demons, a chaos spawn (summoned), a warg,
an orc sorcerer (strong), 3 orc warriors, 3 ogres, 2 orc priests, an orc wizard
(strong) and 3 orcs.

Vanquished Creatures
  A boulder beetle (D:11)
  2 two-headed ogres
  A centaur warrior (D:10)
  A hydra (D:8)
  Nergalle (D:10)
  A cyclops (D:11)
  Joseph (D:9)
  A gargoyle (D:10)
  A kobold demonologist (D:11)
  A troll (D:7)
  A hornet (D:9)
  Grinder (D:3)
  Sigmund (D:6)
  A wraith (D:9)
  A vampire (D:9)
  4 wyverns (D:11)
  21 yaks
  A steam dragon (D:9)
  6 water moccasins
  An ice beast (D:5)
  4 black bears (D:11)
  3 orc warriors (D:11)
  A wolf (D:11)
  2 centaurs
  2 phantoms (D:5)
  4 kobold brigands
  Blork the orc (D:6)
  4 bullfrogs
  A gnoll sergeant (D:6)
  4 scorpions
  9 wights (D:8)
  5 killer bees (D:8)
  3 howler monkeys (D:11)
  4 hounds
  Crazy Yiuf (D:2)
  2 orc priests (D:11)
  2 jellies
  2 iguanas
  Natasha (thrice) (D:2)
  2 orc wizards
  Ijyb (D:3)
  9 adders
  3 gnolls (D:6)
  A shadow imp (D:5)
  An ufetubus (D:4)
  2 worms (D:6)
  3 dart slugs
  18 orcs
  8 endoplasms
  4 giant cockroaches
  12 goblins
  7 hobgoblins
  6 jackals
  18 kobolds
  4 ball pythons
  4 bats
  5 rats
  A toadstool (D:5)
215 creatures vanquished.

Vanquished Creatures (others)
  6 fungi
  2 toadstools (D:5)
8 creatures vanquished.

Grand Total: 223 creatures vanquished

Notes
Turn   | Place    | Note
-------+----------+-------------------------------------------
     0 | D:1      | nanemone the Merfolk Berserker began the quest for the Orb.
     0 | D:1      | Reached XP level 1. HP: 18/18 MP: 1/1
    59 | D:1      | Reached XP level 2. HP: 24/24 MP: 2/2
    78 | D:1      | Found a faded altar of an unknown god.
   413 | D:1      | You fall into a shaft and drop 1 floor!
   942 | D:1      | Reached XP level 3. HP: 28/30 MP: 3/3
  1114 | D:2      | Noticed Natasha
  1127 | D:2      | Killed Natasha
  1128 | D:2      | Reached skill level 5 in Polearms
  1172 | D:2      | Found a runed translucent door.
  1173 | D:2      | Noticed Crazy Yiuf
  1183 | D:2      | Killed Crazy Yiuf
  1184 | D:2      | Reached XP level 4. HP: 29/37 MP: 4/4
  1359 | D:2      | Noticed Natasha
  1370 | D:2      | Killed Natasha
  1545 | D:2      | Noticed Natasha
  1551 | D:2      | Killed Natasha
  1552 | D:2      | Reached XP level 5. HP: 42/42 MP: 5/5
  1639 | D:2      | Reached ** piety under Trog
  1807 | D:3      | Found a glowing silver altar of Zin.
  1807 | D:3      | Found a glowing golden altar of the Shining One.
  1822 | D:3      | Found a white marble altar of Elyvilon.
  1985 | D:3      | Noticed Ijyb
  1995 | D:3      | Killed Ijyb
  1996 | D:3      | Reached skill level 1 in Staves
  2001 | D:3      | Found a shimmering blue altar of Sif Muna.
  2297 | D:3      | Noticed Grinder
  2306 | D:3      | Killed Grinder
  2307 | D:3      | Reached XP level 6. HP: 49/49 MP: 6/6
  2480 | D:4      | Found a bloodstained altar of Trog.
  2566 | D:4      | Reached skill level 1 in Throwing
  2726 | D:4      | Reached XP level 7. HP: 55/55 MP: 7/7
  2796 | D:4      | Found a sand-covered staircase.
  2938 | D:4      | Found a basalt altar of Yredelemnul.
  3023 | D:4      | Found a stormy altar of Qazlal.
  3223 | D:5      | Entered Level 5 of the Dungeon
  3441 | D:5      | Found a staircase to the Ecumenical Temple.
  3442 | D:5      | Noticed a two-headed ogre
  3455 | D:5      | Killed a two-headed ogre
  3456 | D:5      | Reached skill level 5 in Fighting
  3456 | D:5      | Reached skill level 5 in Staves
  3456 | D:5      | Reached XP level 8. HP: 40/62 MP: 8/8
  3467 | Temple   | Entered the Ecumenical Temple
  3823 | D:5      | Found a snail-covered altar of Cheibriados.
  4171 | D:5      | Reached skill level 1 in Shields
  4233 | D:5      | Identified the +0 ring mail of the Lair of Beasts {rF++ rN+
                  | Regen+ Dex-2}
  4427 | D:5      | Reached skill level 1 in Stealth
  4623 | D:6      | Reached *** piety under Trog
  4624 | D:6      | Reached XP level 9. HP: 68/68 MP: 9/9
  4640 | D:6      | Identified the +8 trident of the Endless March {vorpal,
                  | rC++}
  4659 | D:6      | Found a sacrificial altar of Ru.
  4751 | D:6      | Noticed Sigmund
  4762 | D:6      | Killed Sigmund
  4858 | D:6      | Found a shadowy altar of Dithmenos.
  5013 | D:6      | Noticed Blork the orc
  5016 | D:6      | Found a glowing drain.
  5066 | D:6      | Killed Blork the orc
  5386 | D:7      | Reached skill level 6 in Polearms
  5541 | D:7      | Noticed a troll
  5550 | D:7      | Killed a troll
  5621 | D:7      | Reached skill level 7 in Polearms
  5866 | D:8      | Reached skill level 5 in Dodging
  5883 | D:8      | Found a sparkling altar of Nemelex Xobeh.
  6005 | D:8      | Noticed a seven-headed hydra
  6024 | D:8      | Killed a seven-headed hydra
  6025 | D:8      | Reached skill level 8 in Polearms
  6025 | D:8      | Reached XP level 10. HP: 55/77 MP: 10/10
  6030 | D:8      | Reached skill level 9 in Polearms
  6165 | D:8      | Reached **** piety under Trog
  6179 | D:8      | Reached skill level 5 in Armour
  6715 | D:8      | Reached skill level 10 in Polearms
  6747 | D:9      | Noticed Joseph
  6770 | D:9      | Killed Joseph
  6822 | D:9      | Found a transporter.
  6824 | D:9      | Noticed Garym's ghost (novice MiBe)
  6859 | D:9      | Found a transporter.
  6872 | D:9      | Noticed a two-headed ogre
  6872 | D:9      | Noticed a tengu warrior
  6873 | D:9      | Noticed a moth of wrath
  6876 | D:9      | Found a bloodstained altar of Trog.
  7006 | D:9      | Reached skill level 11 in Polearms
  7006 | D:9      | Reached XP level 11. HP: 79/84 MP: 11/11
  7250 | D:9      | Noticed a two-headed ogre
  7259 | D:9      | Killed a two-headed ogre
  7334 | D:10     | Entered Level 10 of the Dungeon
  7424 | D:10     | Found an opulent altar of Gozag.
  7424 | D:10     | Found an ancient bone altar of Kikubaaqudgha.
  7530 | D:10     | Found Cureh's Weapon Shop.
  7563 | D:10     | Noticed a centaur warrior
  7570 | D:10     | Killed a centaur warrior
  7571 | D:10     | Reached skill level 12 in Polearms
  7636 | D:10     | Noticed Nergalle
  7665 | D:10     | Killed Nergalle
  8122 | D:11     | Found a staircase to the Lair.
  8173 | D:11     | Reached skill level 13 in Polearms
  8300 | D:11     | Noticed a sixfirhy
  8302 | D:11     | Noticed a boulder beetle
  8313 | D:11     | Reached ***** piety under Trog
  8345 | D:11     | Killed a boulder beetle
  8363 | D:11     | Noticed a cyclops
  8373 | D:11     | Reached XP level 12. HP: 85/95 MP: 12/12
  8682 | D:11     | Found a staircase to the Orcish Mines.
  8868 | Orc:1    | Entered Level 1 of the Orcish Mines
  8912 | Orc:2    | Entered Level 2 of the Orcish Mines
  8923 | Orc:2    | Killed from afar by an orc priest

Illustrated notes

Levels and vault maps discovered:
D:1:      moated_graveyard_arrival, layout_basic,
          hellmonk_ecumenical_altar_defaced_shrine
D:2:      layout_rooms, minmay_cupped, uniq_crazy_yiuf_cottage, uniq_natasha
D:3:      layout_loops_cross, good_gods_temple_1,
          mainiacjoe_overflow_surrounded_room, serial_bayou_pond_d, uniq_ijyb,
          uniq_grinder
D:4:      layout_basic, old_standard_altar, kennysheep_mini, old_standard_altar,
          enter_ossuary_2, small_statue_intersection, minivault_11, st_stairs_1,
          minmay_misc_feat_encased
D:5:      layout_loops_ring, kennysheep_slug_shrine,
          minmay_temple_entry_statues_pillars, minmay_gold_behind_fungi,
          lemuel_flame_loot_1
D:6:      layout_loops_cross, mainiacjoe_overflow_tiny_flanked,
          grunt_dithmenos_smoke, cheibrodos_sewer_entry_sluice,
          uniq_blork_the_orc, uniq_sigmund
D:7:      layout_rooms, grunt_ministairs_4
D:8:      layout_rooms, mainiacjoe_overflow_boulevard, grunt_decor_one_mirror
D:9:      layout_roguey, gammafunk_ghost_wrathful_warriors, uniq_joseph
D:10:     layout_loops_ring, jmf_multi_god_temple, serial_shops,
          nicolae_lakefront_shop, uniq_nergalle
D:11:     layout_basic, minmay_lair_entry_grove, minmay_orc_entry_temple_small,
          solitary_fountain
Temple:   grunt_temple_mini_profane
Orc:1:    layout_diamond_mine, serial_shops, shop_fountains
Orc:2:    st_orc_town, layout_caves, nicolae_orc_lost_temple

Skill      XL: |  1  2  3  4  5  6  7  8  9 10 11 12 |
---------------+-------------------------------------+-----
Dodging        | 3 4 5 6 7 8 |  8.1
Fighting       | 4 5 6 7 9 |  9.0
Polearms       | 5 8 11 13 | 13.6
Armour         | 2 3 4 6 |  6.7
Staves         | 2 5 6 |  6.6
Throwing       | 1 2 |  2.3
Shields        | 1 3 4 |  4.4
Stealth        | 1 2 |  2.9
Evocations     | |  0.8

Action                   |  1- 3 |  4- 6 |  7- 9 | 10-12 || total
-------------------------+-------+-------+-------+-------++-------
Melee: Spear             |   102 |       |       |       ||   102
       Quarterstaff      |       |    75 |   101 |       ||   176
       Trident           |       |       |   103 |   348 ||   451
       Punch             |       |       |     2 |     2 ||     4
Throw: Boomerang         |       |    10 |    10 |       ||    20
Invok: Berserk           |     2 |       |     3 |     1 ||     6
       Trog's Hand       |       |       |       |     1 ||     1
Evoke: Wand              |       |       |       |     3 ||     3
       Lightning rod     |       |       |       |     2 ||     2
  Use: Scroll            |       |       |     4 |     4 ||     8
       Potion            |       |       |       |     1 ||     1
 Stab: Petrifying        |       |       |     1 |       ||     1
       Paralysed         |       |       |     1 |       ||     1
       Sleeping          |       |       |       |     1 ||     1
Armor: Animal skin       |     4 |       |       |       ||     4
       Scale mail        |    35 |     9 |       |       ||    44
       Plate armour      |       |    42 |    49 |       ||    91
       Ring mail         |       |       |    44 |    66 ||   110
Dodge: Dodged            |    38 |    24 |    77 |   131 ||   270
Block: Other             |       |       |    38 |    47 ||    85
       Reflection        |       |       |     3 |     5 ||     8
